 Dungeon Crawl Stone Soup version 0.27-a0-972-gd1521fd518 (webtiles) character file.

Game seed: 13378357369370189984

80 Alarkh the Digger (level 4, 32/32 HPs)
             Began as a Demonspawn Earth Elementalist on Apr 13, 2021.
             Got out of the dungeon alive.
             The game lasted 00:03:32 (2475 turns).

Alarkh the Digger (Demonspawn Earth Elementalist)   Turns: 2475, Time: 00:03:33

Health: 32/32      AC:  5    Str:  9    XL:     4   Next: 18%
Magic:  7/7        EV: 12    Int: 17    God:
Gold:   65         SH:  0    Dex: 13    Spells: 3/7 levels left

rFire    . . .     SeeInvis .     - Unarmed
rCold    . . .     Faith    .   (no shield)
rNeg     . . .     Spirit   .   c - +0 robe
rPois    .         Reflect  .   h - +0 helmet
rElec    .         Harm     .   (no cloak)
rCorr    .         Rampage  .   (no gloves)
Will     .....                  f - +0 pair of boots
Stlth    ++........             (no amulet)
HPRegen  0.10/turn              a - ring of wizardry
MPRegen  0.20/turn              (no ring)

@: no status effects
A: magic regeneration, sharp scales 1
a: no special abilities


You escaped.
You visited 1 branch of the dungeon, and saw 3 of its levels.

You collected 65 gold pieces.

Inventory:

Missiles
 b - 48 stones
Armour
 c - a +0 robe (worn)
 f - a +0 pair of boots (worn)
 h - a +0 helmet (worn)
Jewellery
 a - a ring of wizardry (left hand)
Scrolls
 d - a scroll of teleportation
 e - a scroll of noise
 g - a scroll of identify {unknown}
 i - 2 scrolls of fog {unknown}
 j - a scroll of amnesia {unknown}
Potions
 k - 2 potions of heal wounds {unknown}
 l - a potion of magic {unknown}


   Skills:
 + Level 1.2 Fighting
 - Level 1.7 Dodging
 - Level 1.7 Stealth
 * Level 1.8 Unarmed Combat
 + Level 2.4 Spellcasting
 + Level 1.6 Transmutations
 + Level 3.1 Earth Magic


You had 3 spell levels left.
You knew the following spells:

 Your Spells              Type           Power      Damage    Failure   Level
a - Sandblast             Erth           24%        2d8       2%          1
e - Stone Arrow           Conj/Erth      14%        3d7       12%         3

Your spell library contained the following spells:

 Spells                   Type           Power      Damage    Failure   Level
 Passwall                 Tmut/Erth      8%         N/A       4%          2
 Animate Skeleton         Necr           4%         N/A       8%          1
 Apportation              Tloc           4%         N/A       8%          1
 Corona                   Hex            2%         N/A       8%          1
 Summon Small Mammal      Summ           8%         N/A       8%          1
 Petrify                  Tmut/Erth      10%        N/A       26%         4
 Lee's Rapid Deconstruct  Erth           6%         3d7*      47%         5


Dungeon Overview and Level Annotations

Branches:
Dungeon (3/15)

Altars:

Shops:
D:1 *


Innate Abilities, Weirdness & Mutations

You regenerate magic rapidly.
You are partially covered in razor-sharp scales. (AC +1, Slay +1)


Message History

Aim: an orc wizard, wielding a +0 dagger and wearing a +0 robe (45% to evade)
The stone arrow hits the orc wizard!
The orc wizard is severely wounded.
Casting: Stone Arrow (quite dangerous; 12% risk of failure)
Confirm with . or Enter, or press ? or * to list all spells.
Aiming: Sandblast (safe; 2% risk of failure)
Press: ? - help, Shift-Dir - straight line, f/p - orc wizard
Aim: an orc wizard, wielding a +0 dagger and wearing a +0 robe (severely wounded, 26% to evade)
The blast of sand hits the orc wizard.
The orc wizard is almost dead.
Casting: Sandblast (safe; 2% risk of failure)
Confirm with . or Enter, or press ? or * to list all spells.
Aiming: Sandblast (safe; 2% risk of failure)
Press: ? - help, Shift-Dir - straight line, f/p - orc wizard
Aim: an orc wizard, wielding a +0 dagger and wearing a +0 robe (almost dead, 26% to evade)
The blast of sand hits the orc wizard!
You kill the orc wizard!
You have reached level 4!
You feel stronger.
Your demonic ancestry asserts itself...
Your magic begins to regenerate rapidly.
Magic restored.
Things that are here:
a +0 dagger; a +0 robe Unknown command.
(D) Dungeon
Where to? (Enter - D:3, ? - help)
What level of the Dungeon? (default 1, ? - help)
There is a stone staircase leading up here.
You climb upwards.
There is a stone staircase leading down here.
Magic restored.
There is a stone staircase leading up here.
You climb upwards.
There is a stone staircase leading down here.
HP restored.
You see here a +0 whip.
There is an open door here.
There is a staircase leading out of the dungeon here.
Are you sure you want to leave the Dungeon?
This will make you lose the game!
You have escaped!

####.# ##.##
##.###.#.#.### .....#
##.## ##.## #.#..)...
###### ##.# #.##
#.###.###
....#########.## ##.#
#.#......
....+.......#..###..#
#...#.###
....#######.##..#..##
##..#.# #
..........#..#..#..#
#..#.# #
.....#.#..#..##...##
#..#.# #
...#.#........#.@.#
##.#.# #
#..#.######.###...##
#...# #
#..#........##..#..#
#...###
#..###########..#..##
#..>...
#...........#..###..#
#####+#...#
............#.## ##.#
#.........#
....######.##.#
#.###.......### ....#
#.#.## ##.##.......#
....# #..##
##.#.......#


There were no monsters in sight!

Vanquished Creatures
  An orc wizard (D:3)
  An adder (D:3)
  2 orcs
  3 bats
  7 endoplasms
  2 giant cockroaches
  3 goblins
  3 hobgoblins
  5 jackals (D:1)
  A quokka (D:1)
  4 ball pythons
  6 kobolds (D:1)
  4 rats (D:2)
42 creatures vanquished.

Notes
Turn   | Place    | Note
-------+----------+-------------------------------------------
     0 | D:1      | Alarkh the Demonspawn Earth Elementalist began the quest
                  | for the Orb.
     0 | D:1      | Reached XP level 1. HP: 13/13 MP: 3/3
    47 | D:1      | Reached skill level 1 in Transmutations
   222 | D:1      | Gained mutation: You are partially covered in razor-sharp
                  | scales. (AC +1, Slay +1) [demonic ancestry]
   222 | D:1      | Reached XP level 2. HP: 20/20 MP: 3/5
   330 | D:1      | HP: 1/20 [giant cockroach (1)]
   346 | D:1      | HP: 1/20 [giant cockroach (1)]
   379 | D:1      | Reached skill level 1 in Unarmed Combat
   641 | D:1      | Found Ettihoh's Assorted Antiques.
  1029 | D:1      | Reached XP level 3. HP: 19/25 MP: 3/6
  1581 | D:2      | Found a faded altar of an unknown god.
  1925 | D:2      | Reached skill level 3 in Earth Magic
  2116 | D:3      | Reached skill level 1 in Fighting
  2378 | D:2      | Learned a level 3 spell: Stone Arrow
  2395 | D:3      | Gained mutation: You regenerate magic rapidly. [demonic
                  | ancestry]
  2395 | D:3      | Reached XP level 4. HP: 26/32 MP: 1/7
  2475 | D:$      | Got out of the dungeon alive.

Illustrated notes

Levels and vault maps discovered:
D:1:      dpeg_arrival_simpleton_a, layout_basic, serial_shops,
          nicolae_shop_crystal, minmay_tromino_mix6
D:2:      layout_basic, hellmonk_ecumenical_altar_inner_sanctum,
          minmay_strange_pillars, wad_floor_pattern_1
D:3:      layout_rooms, nicolae_overflow_hidden_temple,
          nicolae_qazlal_scattered_showers, serial_shops, nicolae_shop_stone,
          nicolae_shop_overgrown_old_shop, shop

Skill      XL: |  1  2  3 |
---------------+----------+-----
Transmutations | 1 |  1.6
Unarmed Combat | 1 |  1.8
Earth Magic    | 3 |  3.1
Fighting       | 1 |  1.2
Dodging        | |  1.7
Stealth        | |  1.7
Spellcasting   | |  2.4

Action                   |  1- 3 |  4- 6 || total
-------------------------+-------+-------++-------
Melee: Unarmed           |    12 |       ||    12
 Cast: Sandblast         |    66 |       ||    66
       Stone Arrow       |     1 |       ||     1
  Use: Scroll            |     2 |       ||     2
 Stab: Sleeping          |     1 |       ||     1
Armor: Robe              |    14 |       ||    14
Dodge: Dodged            |    41 |       ||    41

Table legend: (Time is in decaauts)
 A = Elapsed time spent in this place.
 B = Non-inter-level travel time spent in this place.
 C = Inter-level travel time spent in this place.
 D = Time resting spent in this place.
 E = Time spent auto-exploring this place.
 F = Levels seen in this place.
 G = Mean time per level.
                   A        B        C        D        E       F      G
               +--------+--------+--------+--------+--------+-----+--------+
         Total |   2475 |   2340 |    135 |     10 |   1914 |   3 |  825.0 |
       Dungeon |   2475 |   2340 |    135 |     10 |   1914 |   3 |  825.0 |
               +--------+--------+--------+--------+--------+-----+--------+

Top non-repeatable levels by time:
     D:1: 1330 daAuts
     D:2: 1024 daAuts
     D:3: 120 daAuts
